 Dungeon Sprint DCSS version 0.17-a0-1184-gb75be8f (webtiles) character file.

261 Kidiri the Thaumaturge (level 5, -1/27 (28) HPs)
             Began as a Deep Elf Necromancer on June 1, 2015.
             Killed by divine providence
             ... invoked by a deep elf priest
              (16 damage)
             ... in the Dungeon (Sprint III: "The Ten Rune Challenge").
             The game lasted 00:04:28 (1067 turns).

Kidiri the Thaumaturge (Deep Elf Necromancer)       Turns: 1067, Time: 00:04:28

HP:   -1/27 (28)    AC:  2    Str:  5    XL:     5   Next: 96%
MP:   10/19         EV: 16    Int: 21    God:
Gold: 21            SH:  0    Dex: 15    Spells: 8 memorised, 1 level left

rFire  . . .     SeeInvis .     h - +0 dagger
rCold  . . .     Clarity  .     a - +0 robe
rNeg   . . .     SustAt   .     (no shield)
rPois  .         Gourm    .     (no helmet)
rElec  .         Spirit   .     (no cloak)
rCorr  .         Warding  .     (no gloves)
rMut   .         NoTele   +     (no boots)
MR     .....                    (no amulet)
Stlth  ++++......               (no ring)
                                (no ring)

@: not resistant to hostile enchantments, stealthy
A: no striking features
a: no special abilities


You were in the Dungeon.
You were not hungry.

You visited 1 branch You collected 21 gold pieces.

Inventory:

Hand weapons
 h - a +0 dagger (weapon)
 k - a +0 whip
Armour
 a - a +0 robe (worn)
Magical devices
 e - a wand of random effects (29)
Scrolls
 i - a scroll of blinking
 l - 3 scrolls of immolation {unknown}
 n - 2 scrolls of identify {unknown}
 r - 2 scrolls of remove curse {unknown}
Potions
 d - 2 potions of curing
 f - a potion of haste
 g - 2 potions of magic
 q - 2 potions of flight
Books
 b - a book of Necromancy

   Spells                             Type                      Level
   a - Pain                           Necromancy                   1
   b - Animate Skeleton               Necromancy                   1
   c - Vampiric Draining              Necromancy                   3
   d - Regeneration                   Charms/Necromancy            3
   e - Animate Dead                   Necromancy                   4
   f - Control Undead                 Necromancy                   4
 j - a book of Beasts

   Spells                             Type                      Level
   a - Summon Butterflies             Summoning                    1
   b - Call Canine Familiar           Summoning                    3
   c - Summon Ice Beast               Ice/Summoning                4
   d - Summon Mana Viper              Hexes/Summoning              5
   e - Summon Hydra                   Summoning                    7
 m - a book of Fire

   Spells                             Type                      Level
   a - Ignite Poison                  Fire/Transmutation/Poison    3
   b - Fireball                       Conjuration/Fire             5
   c - Bolt of Fire                   Conjuration/Fire             6
   d - Delayed Fireball               Conjuration/Fire             7
   e - Ring of Flames                 Charms/Fire                  7
Comestibles
 c - 2 bread rations


   Skills:
 + Level 6.3 Dodging
 + Level 7.1 Stealth
 * Level 9.8 Spellcasting
 + Level 0.0 Charms
 + Level 0.0 Summonings
 * Level 9.8 Necromancy
 + Level 0.0 Transmutations
 + Level 0.0 Fire Magic
 + Level 0.0 Poison Magic


You had one spell level left.
You knew the following spells:

 Your Spells              Type           Power        Failure   Level  Hunger
a - Pain                  Necr           ####         1%          1    None
b - Animate Skeleton      Necr           N/A          1%          1    None
c - Vampiric Draining     Necr           ######....   1%          3    None
d - Regeneration          Chrm/Necr      ####......   2%          3    None
e - Animate Dead          Necr           N/A          1%          4    ##.....
f - Control Undead        Necr           ######....   1%          4    ##.....
g - Ignite Poison         Fire/Trmt/Pois ##......     24%         3    None
h - Call Canine Familiar  Summ           ##......     24%         3    None


Dungeon Overview and Level Annotations

Branches:
Dungeon (1/1)

Altars:
Cheibriados
Elyvilon
Fedhas
Kikubaaqudgha
Sif Muna
Vehumet
Yredelemnul
Zin
The Shining One


Message History

Your human zombie barely misses the deep elf priest.
Casting: Pain
Confirm with . or Enter, or press ? or * to list all spells.
Aiming: Vampiric Draining
Press: ? - help, Shift-Dir - straight line, f/p - deep elf priest
Aim: a deep elf priest, wielding a long sword of holy wrath (heavily wounded)
The deep elf priest is almost dead.
You feel life coursing into your body.
The deep elf priest hits you with a long sword of holy wrath.
Your human zombie misses the deep elf priest.
Casting: Vampiric Draining
Confirm with . or Enter, or press ? or * to list all spells.
Aiming: Pain
Press: ? - help, Shift-Dir - straight line, f/p - deep elf priest
Aim: a deep elf priest, wielding a long sword of holy wrath (almost dead, chance to defeat MR: 54%)
The deep elf priest resists with significant effort.
The deep elf priest calls down the wrath of its god upon you.
Something smites you!
Ouch! That really hurt!
You die...

▓▓▓▓▓▓▓ ▓▓▓ ..'...♣♣
♣.##### #### ..#....♣♣♣
♣.#_Z_# #__# ###......♣
♣.#e@.# #._#
..#....≈♣♣♣♣♣.###'#+###[##
..#...≈≈.♣.♣..#..........#
..#..≈≈≈≈..♣..'.⌠........#
#'#..≈≈≈≈≈≈♣♣.#...######+#
..#.≈≈≈≈≈≈....#.⌠.#
..#.≈≈≈≈≈.....#...#
..#.≈≈≈.......#'###
###...........#..)#


You could see a deep elf priest and a friendly human zombie.

Vanquished Creatures
  A necrophage (D)
  A water elemental (D)
  A scorpion (D)
  A necromancer (D)
  A wizard (D)
  A kobold demonologist (D)
  A human (D)
  4 rats (D)
11 creatures vanquished.

Vanquished Creatures (others)
  2 draconian scorchers (D)
  A yaktaur (D)
  2 plants (D)
5 creatures vanquished.

Grand Total: 16 creatures vanquished

Notes
Turn   | Place    | Note
--------------------------------------------------------------
     0 | D        | Kidiri the Deep Elf Necromancer began the quest for the Orb.
     0 | D        | Reached XP level 1. HP: 10/10 MP: 6/6
     5 | D        | Learned a level 1 spell: Animate Skeleton
    13 | D        | Reached skill level 5 in Necromancy
   234 | D        | Noticed a scorpion
   244 | D        | Killed a scorpion
   244 | D        | Reached skill level 6 in Spellcasting
   244 | D        | Reached XP level 2. HP: 7/15 MP: 1/11
   244 | D        | Reached XP level 3. HP: 8/19 MP: 1/12
   249 | D        | Learned a level 3 spell: Vampiric Draining
   253 | D        | Learned a level 3 spell: Regeneration
   277 | D        | Killed a yaktaur
   443 | D        | Gained mutation: Your magical capacity is low (-10% MP). [potion of mutation]
   443 | D        | Lost mutation: Your magical capacity is low (-10% MP). [potion of mutation]
   443 | D        | Gained mutation: Scrolls take you a little longer to read. [potion of mutation]
   444 | D        | Lost mutation: Scrolls take you a little longer to read. [potion of cure mutation]
   445 | D        | Gained mutation: Your magical capacity is low (-10% MP). [potion of mutation]
   445 | D        | Gained mutation: Your natural rate of healing is unusually fast. [potion of mutation]
   446 | D        | Lost mutation: Your magical capacity is low (-10% MP). [potion of cure mutation]
   446 | D        | Lost mutation: Your natural rate of healing is unusually fast. [potion of cure mutation]
   469 | D        | Reached skill level 7 in Necromancy
   469 | D        | Reached XP level 4. HP: 12/24 MP: 0/14
   475 | D        | Learned a level 4 spell: Animate Dead
   480 | D        | Learned a level 4 spell: Control Undead
   576 | D        | Noticed a water elemental
   584 | D        | Killed a water elemental
   584 | D        | Reached skill level 5 in Dodging
   584 | D        | Reached skill level 5 in Stealth
   584 | D        | Reached skill level 8 in Necromancy
   607 | D        | Killed a white draconian scorcher
   840 | D        | Found a basalt altar of Yredelemnul.
   840 | D        | Found a snail-covered altar of Cheibriados.
   840 | D        | Found a blossoming altar of Fedhas.
   840 | D        | Noticed a necrophage
   840 | D        | Noticed a necromancer
   843 | D        | Killed a necromancer
   843 | D        | Reached XP level 5. HP: 25/28 MP: 12/17
   855 | D        | Killed a necrophage
   855 | D        | Reached skill level 9 in Spellcasting
   867 | D        | Killed a white draconian scorcher
  1012 | D        | Found a radiant altar of Vehumet.
  1012 | D        | Found a deep blue altar of Sif Muna.
  1012 | D        | Found an ancient bone altar of Kikubaaqudgha.
  1012 | D        | Noticed a wizard
  1014 | D        | Killed a wizard
  1025 | D        | Learned a level 3 spell: Ignite Poison
  1029 | D        | Learned a level 3 spell: Call Canine Familiar
  1059 | D        | Found a glowing silver altar of Zin.
  1059 | D        | Found a glowing golden altar of the Shining One.
  1059 | D        | Found a white marble altar of Elyvilon.
  1060 | D        | Noticed a deep elf priest
  1067 | D        | Killed from afar by a deep elf priest

Vault maps used:
D:        dungeon_sprint_mu

Action                   |  1- 3 |  4- 6 || total
-------------------------+-------+-------++-------
Melee: Whip              |       |    16 ||    16
       Dagger            |       |     3 ||     3
 Cast: Pain              |    13 |     6 ||    19
       Animate Skeleton  |     2 |       ||     2
       Vampiric Draining |     2 |     3 ||     5
       Animate Dead      |       |     2 ||     2
  Use: Potion            |     4 |     2 ||     6
 Stab: Sleeping          |       |     2 ||     2
  Eat: Royal jelly       |       |     1 ||     1
